Map: Cyber Forest LE

Players

sOs - Winner!

  • Race: Protoss Protoss
  • Spawn Location: 11:00

Leenock

  • Race: Zerg Zerg
  • Spawn Location: 5:00

Event: IEM Season 13: Katowice (2019)

VOD

Have the link to the VOD?

Description

Time

  • Played on: Feb. 25, 2019, 7:59 a.m.
  • Length: 5:35

All games in this series

Show
View Real Time Build Order
Export as new Build Order

sOs Protoss - Winner!

Build Orders: 1 Gate Expand 

Get SALT Encoding   

  12  0:00  Probe  
  13  0:12  Probe  
  14  0:18  Pylon  
  14  0:24  Probe  
  15  0:32  Probe  
  15  0:39  Gateway  
  15  0:40  Probe  
  17  0:50  Assimilator  
  17  0:51  Probe  
  18  1:03  Probe  
  19  1:15  Probe  
  19  1:18  Pylon  
  20  1:26  Cybernetics Core  
  20  1:40  Nexus  
  20  1:44  Pylon  
  20  1:48  Probe  
  20  1:52  Adept  
  21  1:57  Assimilator  
  21  2:03  Warp Gate  
  21  2:05  Probe  
  24  2:17  Probe  
  25  2:23  Sentry  
  25  2:27  Pylon  
  27  2:45  Probe  
  27  2:47  Gateway  
  27  2:49  Sentry  
  30  2:52  Probe  
  30  2:53  Gateway  
  30  2:57  Probe  
  32  3:02  Probe  
  32  3:05  Shield Battery  
  33  3:13  Pylon  
  33  3:17  Sentry  
  34  3:22  Probe x2  
  36  3:34  Probe x2  
  38  3:47  Pylon, Probe x2  
  40  3:54  Sentry x2  
  40  3:55  Stalker  
  46  3:59  Forge  
  46  4:00  Probe  
  46  4:02  Probe  
  44  4:12  Probe  
  44  4:14  Probe  
  46  4:17  Stalker x2  
  46  4:22  Stalker  
  52  4:40  Shield Battery  
  52  4:41  Stalker  
  52  4:44  Zealot  
  56  4:48  Zealot  
  56  4:51  Shield Battery  
  58  4:54  Pylon  
  58  5:05  Adept x2  
  62  5:11  Shield Battery  
  62  5:12  Shield Battery  
  62  5:13  Adept  
  64  5:22  Adept x2  
  68  5:30  Pylon  
Show
View Real Time Build Order
Export as new Build Order

Leenock Zerg 

Build Orders: Pool First 

Get SALT Encoding   

  12  0:00  Drone  
  13  0:12  Overlord  
  13  0:16  Drone  
  14  0:30  Drone x2  
  16  0:40  Spawning Pool  
  15  0:44  Drone  
  15  0:48  Drone  
  17  0:55  Drone  
  17  0:57  Extractor  
  17  1:27  Zergling x4, Queen  
  17  1:28  Zergling x2  
  22  1:39  Hatchery  
  21  1:42  Drone  
  22  1:50  Overlord  
  22  2:00  Metabolic Boost  
  22  2:11  Drone x2  
  24  2:19  Queen  
  25  2:37  Drone  
  25  2:38  Drone x3  
  29  2:47  Overlord  
  29  2:51  Zergling x4  
  30  2:56  Lair  
  31  3:05  Queen  
  31  3:11  Zergling x4  
  35  3:15  Drone  
  35  3:16  Drone  
  37  3:29  Zergling x8  
  37  3:31  Zergling x2  
  41  3:45  Zergling x4  
  43  3:50  Overlord  
  43  3:55  Nydus Network  
  42  3:58  Zergling x2  
  43  4:04  Zergling x2  
  43  4:06  Zergling x2  
  41  4:10  Zergling x12  
  41  4:16  Zergling x4  
  48  4:27  Zergling x2  
  48  4:28  Zergling x2  
  48  4:31  Nydus Canal  
  50  4:37  Queen, Extractor  
  51  4:39  Overlord  
  51  4:42  Nydus Canal  
  51  4:51  Zergling x2  
  51  4:52  Overlord  
  52  4:57  Nydus Canal  
  51  5:01  Zergling x2  
  51  5:05  Zergling x2  
  51  5:06  Zergling x6  
  51  5:09  Zergling x2  
  52  5:15  Zergling x2  

Tags
 
Add a new tag
Caveats
  • Supply blocks, unpowered buildings, or Contaminate may cause inaccurate times.
  • Supply counts are checked every 10 seconds.